 Dungeon Crawl Stone Soup version 0.31-a0-986-g5e6e4ef867 (webtiles) character file.

Game seed: 14446660477900696316

3502 Adrian566 the Cleaver (level 10, -2/83 (86) HPs)
             Began as a Hill Orc Fighter on Nov 6, 2023.
             Slain by thalassios's ghost (6 damage)
             ... on level 7 of the Dungeon.
             The game lasted 00:09:10 (9196 turns).

Adrian566 the Cleaver (Hill Orc Fighter)            Turns: 9196, Time: 00:09:11

HP:   -2/83 (86)    AC: 17    Str: 24    XL:     10   Next: 7%
MP:   10/10         EV:  6    Int:  8    God:
Gold: 498           SH:  9    Dex: 10    Spells: 9/9 levels left

rFire   + . .        a - +0 war axe (vamp)
rCold   + . .        i - +0 kite shield
rNeg    . . .        o - +0 plate armour
rPois   +            g - +0 helmet
rElec   +            t - +0 cloak
rCorr   +            (no gloves)
SInv    .            (no boots)
Will    ++...        (no amulet) Stlth
                     e - ring of willpower
HPRegen 0.33/turn    (no ring)
MPRegen 0.12/turn

%: no passive effects
@: resistant, attractive, enlightened, flying, hasted, lightly drained, very
quick
A: iridescent scales 1
a: no special abilities


You were on level 7 of the Dungeon.
You visited 1 branch of the dungeon, and saw 7 of its levels.

You collected 498 gold pieces.

Inventory:

Hand Weapons
 a - a +0 vampiric war axe (weapon)
 A - a +2 war axe
Armour
 g - a +0 helmet (worn)
 i - a +0 kite shield (worn)
 o - a +0 plate armour (worn)
 t - a +0 cloak (worn)
 w - a +0 pair of gloves
Jewellery
 e - a ring of willpower (left hand)
 y - the ring of the Lobster {+Blink Fly Str+3 Dex-5 Stlth+}
   (You took it off an orc on level 5 of the Dungeon)

   [ring of flight]

   Str+3:     It affects your strength (+3).
   Dex-5:     It affects your dexterity (-5).
   Fly:       It grants you flight.
   +Blink:    It lets you blink.
   Stlth+:    It makes you more stealthy.
Scrolls
 b - 2 scrolls of amnesia
 d - a scroll of identify
 h - 2 scrolls of revelation
 j - 4 scrolls of teleportation
 n - 4 scrolls of enchant weapon
 r - 2 scrolls of immolation
 x - 2 scrolls of enchant armour
Potions
 f - a potion of mutation
 k - a potion of lignification
 l - a potion of cancellation
 p - a potion of enlightenment
 q - a potion of heal wounds {unknown}
 u - a potion of magic
 v - a potion of resistance
 z - a potion of brilliance {unknown}


   Skills:
 + Level 7.0 Fighting
 * Level 14.2 Axes
 + Level 6.7 Armour
 + Level 1.0 Dodging
 + Level 0.1 Stealth
 + Level 6.1 Shields


You had 9 spell levels left.
You didn't know any spells.
Your spell library contained the following spells:

 Spells                   Type           Power      Damage    Failure   Level
 Magic Dart               Conj           0%         1d3       100%        1
 Sandblast                Erth           0%         2d4       100%        1
 Slow                     Hex            0%         N/A       100%        1
 Call Imp                 Summ           0%         N/A       100%        2
 Ensorcelled Hibernation  Hex/Ice        0%         N/A       100%        2
 Passwall                 Tmut/Erth      0%         N/A       100%        2
 Poisonous Vapours        Pois/Air       0%         N/A       100%        2
 Confusing Touch          Hex            0%         N/A       100%        3
 Mephitic Cloud           Conj/Pois/Air  0%         N/A       100%        3
 Sigil of Binding         Hex            0%         N/A       100%        3
 Stone Arrow              Conj/Erth      0%         3d7       100%        3
 Swiftness                Air            0%         N/A       100%        3
 Vampiric Draining        Necr           0%         2d6       100%        3
 Brom's Barrelling Bould  Conj/Erth      0%         2d3       100%        4
 Freezing Cloud           Conj/Ice/Air   0%         6-21      100%        5


Dungeon Overview and Level Annotations

Branches:
Dungeon (7/15)             Temple (0/1) D:7

Altars:
Cheibriados
Sif Muna
Zin

Shops:
D:2 [   D:4 (   D:5 :*   D:6 *

Annotations:
D:7 thalassios's ghost, novice TrSh


Innate Abilities, Weirdness & Mutations

You are partially covered in iridescent scales. (AC +2)


Message History

You hit thalassios's ghost but do no damage.
Thalassios's ghost is almost destroyed.
Thalassios's ghost hits you!
* * * LOW HITPOINT WARNING * * *
You are confused.
You feel invigorated. Thalassios's ghost hits you.
* * * LOW HITPOINT WARNING * * *
It was a potion of cancellation.
Your magical effects are unravelling.
You feel magically purged.
You feel less wooden.
Your +0 cloak unmelds from your body.
Your +0 helmet unmelds from your body.
Your +0 plate armour unmelds from your body.
You feel less invigorated.
You feel less confused. Thalassios's ghost closely misses you.
Unknown command.
It was a potion of enlightenment.
You feel very buoyant.
You fly up into the air.
You block thalassios's ghost's attack.
Unknown command.
It was a potion of magic.
Magic courses through your body. You block thalassios's ghost's attack.
It was a potion of resistance.
You feel protected. You block thalassios's ghost's attack.
It was a potion of attraction.
You feel attractive to monsters. You block thalassios's ghost's attack.
You slash thalassios's ghost!
Thalassios's ghost is almost destroyed.
You block thalassios's ghost's attack.
You closely miss thalassios's ghost.
Thalassios's ghost is almost destroyed.
Thalassios's ghost hits you!
* * * LOW HITPOINT WARNING * * *
It was a potion of haste.
You feel yourself speed up.
Thalassios's ghost shouts, "You will never get the ORB!"
Thalassios's ghost hits you.
You die...

########## #........#
#........# #.....)..#
#############.....)..#
#..............>..)).###
##.#######....####.....# #.#
#....#..#...#.# #.#
#...@W[8#...#.####### #.#
##....#..#...#........ #.#
#.....#########.......
#.######.....##.## #.......
#............##..# #.......
#########....###.#####.......
#....#...............
##...#.###...#.......
###.#.#####.########


You could see thalassios's ghost.

Vanquished Creatures
  The ghost of hattop the Trooper, a novice DrFi of Trog (D:6)
  Grinder (D:4)
  Menkaure (D:6)
  2 ice beasts
  2 sky beasts
  A black bear (D:3)
  A centaur (D:6)
  3 phantoms
  A bullfrog (D:6)
  2 kobold brigands (D:4)
  A gnoll sergeant (D:5)
  3 scorpions
  15 wights
  3 killer bees (D:5)
  5 hounds
  4 iguanas
  A gnoll bouda (D:5)
  An orc wizard (D:5)
  9 gnolls (D:5)
  8 adders
  A shadow imp (D:7)
  3 white imps
  A worm (D:4)
  A dart slug (D:1)
  15 orcs
  8 endoplasms
  5 giant cockroaches
  2 goblins
  14 hobgoblins
  8 jackals
  4 quokkas
  13 ball pythons
  5 bats
  2 frilled lizards (D:1)
  29 kobolds
  4 rats
180 creatures vanquished.

Notes
Turn   | Place    | Note
-------+----------+-------------------------------------------
     0 | D:1      | Adrian566 the Hill Orc Fighter began the quest for the Orb.
     0 | D:1      | Reached XP level 1. HP: 19/19 MP: 1/1
   191 | D:1      | Found a faded altar of an unknown god.
   193 | D:1      | Reached XP level 2. HP: 27/27 MP: 2/2
   196 | D:1      | Reached skill level 3 in Axes
   588 | D:1      | Reached XP level 3. HP: 32/33 MP: 3/3
   780 | D:2      | Found Ewoas's Antique Armour Emporium.
   827 | D:2      | Reached skill level 4 in Axes
   841 | D:2      | Identified the +2 robe "Wuegak" {Str+3 Int+2}
  1031 | D:2      | Reached XP level 4. HP: 31/40 MP: 4/4
  1377 | D:2      | Found a shimmering blue altar of Sif Muna.
  1490 | D:3      | Gained mutation: You are partially covered in iridescent
                  | scales. (AC +2) [potion of mutation]
  1552 | D:3      | Reached skill level 5 in Axes
  1587 | D:3      | Noticed a black bear
  1600 | D:3      | Killed a black bear
  1601 | D:3      | Reached XP level 5. HP: 18/46 MP: 5/5
  1894 | D:3      | Noticed a sky beast
  1918 | D:3      | Killed a sky beast
  1919 | D:3      | Reached skill level 6 in Axes
  1919 | D:3      | Reached XP level 6. HP: 37/53 MP: 6/6
  2635 | D:4      | Reached skill level 7 in Axes
  2826 | D:4      | Reached XP level 7. HP: 27/60 MP: 7/7
  3196 | D:4      | Noticed Grinder
  3210 | D:4      | Killed Grinder
  3211 | D:4      | Reached skill level 8 in Axes
  3286 | D:4      | Found a snail-covered altar of Cheibriados.
  3354 | D:4      | Reached skill level 5 in Fighting
  3354 | D:4      | Reached skill level 9 in Axes
  3371 | D:4      | Found Ronwiosu's Weapon Shop.
  3694 | D:5      | Entered Level 5 of the Dungeon
  3765 | D:5      | Reached XP level 8. HP: 54/68 MP: 8/8
  3894 | D:5      | Reached skill level 10 in Axes
  4299 | D:5      | Identified the ring of the Lobster {+Blink Fly Str+3 Dex-5
                  | Stlth+}
  4387 | D:5      | Found a glowing silver altar of Zin.
  4389 | D:5      | Found Zin's Purification Station.
  4399 | D:5      | Reached skill level 5 in Armour
  4403 | D:5      | Identified the +0 short sword of Calamity {drain, rN++
                  | Str-3 Stlth+}
  4479 | D:5      | Reached skill level 11 in Axes
  4516 | D:5      | Reached skill level 5 in Shields
  4718 | D:5      | Found Utiac's Book Emporium.
  5150 | D:6      | Reached XP level 9. HP: 73/75 MP: 9/9
  5159 | D:6      | Reached skill level 12 in Axes
  5467 | D:6      | Noticed Menkaure
  5486 | D:6      | Found a runed translucent door.
  5489 | D:6      | Killed Menkaure
  5638 | D:6      | Noticed hattop's ghost (novice DrFi)
  5665 | D:6      | Found Zaj Xig's Gadget Gallery.
  5769 | D:6      | Reached skill level 13 in Axes
  5795 | D:6      | Killed hattop's ghost
  5796 | D:6      | Reached skill level 1 in Dodging
  6326 | D:7      | Reached skill level 14 in Axes
  6378 | D:7      | Reached XP level 10. HP: 40/77 MP: 10/10
  8621 | D:7      | Found a runed translucent door.
  8621 | D:7      | Noticed thalassios's ghost (novice TrSh)
  8786 | D:7      | Found a staircase to the Ecumenical Temple.
  9188 | D:7      | HP: 5/124 [thalassios's ghost (6)]
  9195 | D:7      | HP: 4/83 [thalassios's ghost (7)]
  9196 | D:7      | Slain by thalassios's ghost

Illustrated notes

Levels and vault maps discovered:
D:1:      dpeg_arrival_round_b, layout_loops_ring,
          shapermc_ecumenical_altar_pompeii
D:2:      minmay_chambers_of_twos, layout_loops_cross, basic_altar,
          serial_shops, shop, grunt_ministairs_15, corexii_corridor_pit,
          hangedman_decor_push, minmay_misc_feat_chi
D:3:      layout_loops_ring, grunt_ministairs_12, dk_vineyard_3,
          roderic_serpentine_path
D:4:      kennysheep_kobold_camp, layout_basic, old_standard_altar,
          serial_shops, nicolae_shop_stone, uniq_grinder
D:5:      layout_basic, zin_purify, serial_shops, nicolae_shop_window_shopping
D:6:      layout_rooms, ebering_ghost_inner_flame, nicolae_shop_gadgets,
          uniq_menkaure
D:7:      layout_basic, temple_hall, gammafunk_ghost_grave

Skill      XL: |  1  2  3  4  5  6  7  8  9 10 |
---------------+-------------------------------+-----
Axes           | 3 4 5 6 7 9 11 14 | 14.2
Fighting       | 4 5 6 7 |  7.0
Armour         | 4 5 6 |  6.7
Shields        | 4 5 6 |  6.1
Dodging        | 1 |  1.0
Stealth        | |  0.1

Action                     |  1- 3 |  4- 6 |  7- 9 | 10-12 || total
---------------------------+-------+-------+-------+-------++-------
  Melee: War axe           |   116 |   177 |   369 |    42 ||   704
    Use: Scroll            |       |     6 |     4 |       ||    10
         Potion            |       |     4 |     3 |     8 ||    15
 Armour: Scale mail        |    87 |    60 |       |       ||   147
         Plate armour      |       |   103 |   303 |    20 ||   426
         Skin              |       |       |       |     7 ||     7
  Dodge: Dodged            |    58 |    62 |    70 |     5 ||   195
  Block: Buckler           |    12 |       |       |       ||    12
         Kite shield       |    34 |    69 |   156 |    15 ||   274

Table legend: (Time is in decaauts)
 A = Elapsed time spent in this place.
 B = Non-inter-level travel time spent in this place.
 C = Inter-level travel time spent in this place.
 D = Time resting spent in this place.
 E = Time spent auto-exploring this place.
 F = Levels seen in this place.
 G = Mean time per level.
                   A        B        C        D        E       F      G
               +--------+--------+--------+--------+--------+-----+--------+
         Total |   9333 |   9133 |    200 |   2281 |   5422 |   7 | 1333.3 |
       Dungeon |   9333 |   9133 |    200 |   2281 |   5422 |   7 | 1333.3 |
               +--------+--------+--------+--------+--------+-----+--------+

Top non-repeatable levels by time:
     D:7: 3246 daAuts
     D:4: 1341 daAuts
     D:5: 1326 daAuts
     D:3: 1066 daAuts
     D:6: 811 daAuts
     D:1: 795 daAuts
     D:2: 744 daAuts
